 Dungeon Crawl Stone Soup version 0.29.1-2-gbd0b4ee654 (webtiles) character file.

Game seed: 5636024850122963312

659 leafyfresh the Sneak (level 7, -1/46 HPs)
             Began as an Octopode Delver on Nov 12, 2022.
             Was a Follower of Vehumet.
             Slain by Duvessa
             ... wielding a +0 short sword
              (18 damage)
             ... on level 5 of the Dungeon.
             The game lasted 00:11:00 (3955 turns).

leafyfresh the Sneak (Octopode Delver)              Turns: 3955, Time: 00:11:01

Health: -1/46      AC:  1    Str: 11    XL:     7   Next: 55%
Magic:  9/10       EV: 15    Int: 15    God:    Vehumet [*.....]
Gold:   200        SH:  0    Dex: 13    Spells: 7/10 levels left

rFire   . . .      SeeInvis .   u - +8 dagger "Zyekhe" {spect, rC+}
rCold   + . .      Faith    .   (no shield)
rNeg    . . .      Spirit   .   (helmet restricted)
rPois   .          Reflect  .   i - amulet of the acrobat
rElec   .          Harm     .   m - ring of flight
rCorr   .          Rampage  .   (no ring)
Will    .....                   (no ring)
Stlth   +++++.....              (no ring)
HPRegen 0.15/turn               (no ring)
MPRegen 0.12/turn               (no ring)
                                (no ring)
                                (no ring)

@: flying, very slightly contaminated
A: almost no armour, amphibious, 8 rings, camouflage 1, gelatinous body 1,
(nimble swimmer 1), tentacles
a: Renounce Religion


You were on level 5 of the Dungeon.
You worshipped Vehumet.
Vehumet was aware of your devotion.
You visited 2 branches of the dungeon, and saw 6 of its levels.

You collected 200 gold pieces.

Inventory:

Hand Weapons
 a - a +0 short sword
 e - a +0 club
 u - the +8 dagger "Zyekhe" (weapon) {spect, rC+}
   (You found it on level 3 of the Dungeon)

   When its wielder attacks, the weapon's spirit leaps out and strikes again.
   The spirit shares a part of any damage it takes with its wielder.
   rC:        It protects you from cold.
Missiles
 j - 9 poisoned darts
 p - 5 boomerangs (quivered)
Armour
 k - a +0 helmet
Jewellery
 i - an amulet of the acrobat (around mantle)
 m - a ring of flight (left tentacle)
Wands
 f - a wand of digging (3)
Scrolls
 b - 4 scrolls of identify {unknown}
 c - 2 scrolls of magic mapping
 d - 2 scrolls of fear
 g - 3 scrolls of immolation {unknown}
 l - 2 scrolls of blinking {unknown}
 o - a scroll of summoning {unknown}
 r - 2 scrolls of teleportation {unknown}
 v - a scroll of enchant weapon {unknown}
 w - a scroll of torment {unknown}
 x - 2 scrolls of amnesia {unknown}
 y - a scroll of brand weapon {unknown}
Potions
 h - a potion of cancellation {unknown}
 n - 6 potions of curing {unknown}
 q - 2 potions of degeneration {unknown}
 s - a potion of lignification {unknown}
 t - a potion of berserk rage {unknown}
 z - a potion of haste
 A - a potion of flight {unknown}
 B - a potion of might {unknown}
 C - a potion of heal wounds {unknown}


   Skills:
 + Level 3.2 Fighting
 + Level 3.3 Short Blades
 + Level 5.1 Dodging
 - Level 7.8 Stealth
 - Level 2.3 Spellcasting
 - Level 3.5 Earth Magic


You had 7 spell levels left.
You knew the following spells:

 Your Spells              Type           Power      Damage    Failure   Level
a - Sandblast             Erth           24%        2d8       4%          1
b - Passwall              Tmut/Erth      5%         N/A       16%         2

Your spell library contained the following spells:

 Spells                   Type           Power      Damage    Failure   Level
 Freeze                   Ice            4%         1d3       22%         1
 Slow                     Hex            4%         N/A       22%         1
 Sting                    Tmut/Pois      4%         1d3       22%         1
 Stone Arrow              Conj/Erth      14%        3d7       30%         3
 Poisonous Vapours        Pois/Air       2%         N/A       32%         2
 Confusing Touch          Hex            1%         N/A       54%         3
 Vampiric Draining        Necr           1%         2d6       54%         3
 Olgreb's Toxic Radiance  Pois           1%         N/A       91%         4
 Summon Forest            Summ/Tloc      0%         N/A       99%         5
 Summon Mana Viper        Hex/Summ       1%         N/A       99%         5
 Summon Cactus Giant      Summ           0%         N/A       100%        6


Dungeon Overview and Level Annotations

Branches:
Dungeon (5/15)             Temple (1/1) D:5

Altars:
Cheibriados
Dithmenos
Gozag
Hepliaklqana
Okawaru
Ru
Sif Muna
Uskayaw
Vehumet
Xom
Zin
The Shining One

Annotations:
D:5 Duvessa


Innate Abilities, Weirdness & Mutations

You cannot wear most types of armour.
You are amphibious.
You can wear up to eight rings at the same time.
Your skin changes colour to match your surroundings (Stealth+).
Your rubbery body absorbs attacks. (AC +1, EV +1)
((You are camouflaged when in or above water. (Stealth+)))
You have tentacles for arms and can constrict up to eight enemies at once.


Message History

Confirm with . or Enter, or press ? or * to list all spells.
Aiming: Sandblast (safe; 4% risk of failure)
Press: ? - help, Shift-Dir - straight line, f - Duvessa
Aim: Duvessa, wielding a +0 short sword, wearing a +0 chain mail and carrying a wand of flame (25) (berserk, 89% to hit)
You miscast Sandblast.
You are very lightly contaminated with residual magic.
Nothing appears to happen.
Duvessa hits you with a +0 short sword!
You barely miss Duvessa. Your grab misses Duvessa.
Your +8 dagger "Zyekhe" {spect, rC+} hits Duvessa!
Duvessa hits you with a +0 short sword.
Unknown command.
You hit Duvessa but do no damage. You grab Duvessa.
Duvessa is lightly wounded.
Your +8 dagger "Zyekhe" {spect, rC+} hits Duvessa!
You constrict Duvessa. Duvessa hits you with a +0 short sword!
Unknown command.
You hit Duvessa. You tentacle-slap Duvessa.
Duvessa is moderately wounded.
Your +8 dagger "Zyekhe" {spect, rC+} hits Duvessa.
You constrict Duvessa, but do no damage.
Duvessa closely misses your +8 dagger "Zyekhe" {spect, rC+}.
Duvessa completely misses your +8 dagger "Zyekhe" {spect, rC+}.
Unknown command.
Press: ? - help, v - describe, . - travel
Here: Duvessa, wielding a +0 short sword, wearing a +0 chain mail and carrying a wand of flame (25) (moderately wounded, constricted by you, berserk, not watching you)
The floor, spattered with blood.
You hit Duvessa.
Duvessa is heavily wounded.
Your +8 dagger "Zyekhe" {spect, rC+} hits Duvessa but does no damage.
You constrict Duvessa, but do no damage.
Duvessa misses your +8 dagger "Zyekhe" {spect, rC+}.
Unknown command.
You catch the helpless Duvessa completely off-guard!
You puncture Duvessa!
You tentacle-slap Duvessa, but do no damage.
Duvessa is severely wounded.
Your +8 dagger "Zyekhe" {spect, rC+} hits Duvessa.
You constrict Duvessa.
Duvessa hits you with a +0 short sword!!
You die...

..... #.. ...$...# .# #...
#...... ..
e#.......#...###......#######..
..(o..................'..h.....
###....#........... #.# ..#
###....#......)... #.#...
...............(.######.#.# .
....#.##.......e@)).......+ ..
.##.#.###..#####..#####.#.#...
..............................#
.##'#.#..###.###..#.#..........
.#....#..# #..##..#.#..........
.#....#..# ##.##<...#..........
......#..# #.##..#............
.....#888## #..#..#............
....#8...8####.#..#............


You could see Duvessa (berserk) and a friendly +8 dagger "Zyekhe" {spect, rC+}
(summoned).

Vanquished Creatures
  Grinder (D:3)
  An ogre (D:4)
  2 scorpions
  Dowan (D:5)
  An orc priest (D:4)
  Jessica (D:3)
  Terence (D:3)
  An adder (D:4)
  7 dart slugs
  9 orcs
  8 ball pythons
  9 endoplasms
  5 giant cockroaches
  3 goblins
  7 hobgoblins
  2 jackals (D:2)
  4 quokkas
  6 bats
  5 frilled lizards
  6 kobolds
  7 rats
87 creatures vanquished.

Notes
Turn   | Place    | Note
-------+----------+-------------------------------------------
     0 | D:5      | leafyfresh the Octopode Delver began the quest for the Orb.
     0 | D:5      | Reached XP level 1. HP: 16/16 MP: 1/1
     7 | D:5      | Found a staircase to the Ecumenical Temple.
    17 | Temple   | Entered the Ecumenical Temple
    41 | Temple   | Became a worshipper of Vehumet
    90 | D:5      | Noticed a hound
    91 | D:5      | Noticed a scorpion
   146 | D:5      | Noticed a necrophage
   186 | D:5      | Noticed Dowan
   186 | D:5      | Noticed a scorpion
   210 | D:3      | Noticed Terence
   540 | D:2      | Learned a level 1 spell: Sandblast
   586 | D:2      | Reached skill level 1 in Spellcasting
   635 | D:2      | Reached XP level 2. HP: 21/21 MP: 0/4
  1370 | D:2      | Reached XP level 3. HP: 26/26 MP: 6/6
  1985 | D:1      | Reached * piety under Vehumet
  1985 | D:1      | Offered knowledge of Freeze by Vehumet.
  1993 | D:1      | Found a faded altar of an unknown god.
  2452 | D:3      | Identified the +8 dagger "Zyekhe" {spect, rC+}
  2468 | D:3      | Reached skill level 1 in Earth Magic
  2483 | D:3      | Noticed Jessica
  2496 | D:3      | Killed Jessica
  2497 | D:3      | Reached XP level 4. HP: 31/31 MP: 7/7
  2758 | D:3      | Noticed Grinder
  2771 | D:3      | Killed Grinder
  2772 | D:3      | Reached XP level 5. HP: 28/36 MP: 8/8
  2772 | D:3      | Reached XP level 6. HP: 33/42 MP: 9/9
  2858 | D:3      | Learned a level 2 spell: Passwall
  2986 | D:3      | Killed Terence
  3201 | D:3      | You are sucked into a shaft and drop 2 floors!
  3212 | D:5      | Killed Dowan
  3213 | D:5      | Reached skill level 7 in Stealth
  3217 | D:5      | Noticed Duvessa
  3391 | D:4      | Reached XP level 7. HP: 46/46 MP: 10/10
  3620 | D:4      | Reached skill level 5 in Dodging
  3955 | D:5      | Slain by Duvessa

Illustrated notes

Levels and vault maps discovered:
D:1:      dpeg_arrival_concentric_ovals, layout_loops_corners,
          hellmonk_ecumenical_altar_zigzags, minmay_tree_intersection,
          serial_bayou_pond_c, minmay_fountain_box
D:2:      layout_basic, minmay_goblin_kobold_house
D:3:      layout_basic, uniq_grinder, uniq_jessica, uniq_terence
D:4:      layout_gridville
D:5:      layout_basic, minmay_temple_entry_statues, uniq_duvessa
Temple:   compressed_dpeg_triangle_lava_temple

Skill      XL: |  1  2  3  4  5  6  7 |
---------------+----------------------+-----
Spellcasting   | 1 2 |  2.3
Earth Magic    | 1 3 |  3.5
Dodging        | 4 5 |  5.1
Stealth        | 7 |  7.8
Short Blades   | 3 |  3.3
Fighting       | |  3.2

Action                   |  1- 3 |  4- 6 |  7- 9 || total
-------------------------+-------+-------+-------++-------
Melee: Short sword       |    46 |       |       ||    46
       Constrict         |    12 |    12 |     4 ||    28
       Tentacles         |     5 |     8 |     3 ||    16
       Punch             |     1 |       |     2 ||     3
       Dagger            |     3 |    38 |    28 ||    69
 Cast: Sandblast         |    17 |     4 |     2 ||    23
  Use: Scroll            |     1 |       |       ||     1
       Potion            |     1 |       |       ||     1
 Stab: Sleeping          |    21 |     4 |     6 ||    31
       Distracted        |       |       |     2 ||     2
Armor: Skin              |     7 |       |       ||     7
Dodge: Dodged            |    57 |    25 |     6 ||    88
